 Dungeon Sprint DCSS version 0.28.0-49-g6dfe1f597d (webtiles) character file.

Game seed: 16448959336451842610

269 Revguard the Cudgeller (level 6, -4/97 HPs)
             Began as a Troll Gladiator on May 18, 2022.
             Was a Follower of Trog.
             Slain by an air elemental (9 damage)
             ... in the Dungeon (Sprint V: "Ziggurat Sprint").
             The game lasted 00:03:06 (246 turns).

Revguard the Cudgeller (Troll Gladiator)             Turns: 246, Time: 00:03:06

Health: -4/97      AC: 21    Str: 35    XL:     6   Next: 1%
Magic:  5/5        EV:  6    Int:  4    God:    Trog [*.....]
Gold:   0          SH:  0    Dex: 13    Spells: 5/5 levels left

rFire   + + +      SeeInvis .   G - +7 great mace "Firestarter" {inner flame, rF++}
rCold   + . .      Faith    .   (shield currently unavailable)
rNeg    . . .      Spirit   .   k - +5 gold dragon scales
rPois   +          Reflect  .   c - +0 hat
rElec   .          Harm     .   (no cloak)
rCorr   .          Rampage  .   (gloves unavailable)
Will    .....      NoTele   +   (boots unavailable)
Stlth   ..........              (no amulet)
HPRegen 1.06/turn               A - +6 ring of strength
MPRegen 0.09/turn               B - +6 ring of strength

@: berserking, very quick
A: large, unfitting armour, claws 3, regeneration 1, shaggy fur 1, tough skin 1
a: Renounce Religion, Berserk


You were in the Dungeon.
You worshipped Trog.
Trog was aware of your devotion.
You visited 1 branch

Inventory:

Hand Weapons
 a - a +0 flail
 G - the +7 great mace "Firestarter" (weapon) {inner flame, rF++}
   (You found it in the Dungeon)

   It burns those it strikes, dealing additional fire damage.
   It fills those it strikes with an explosive inner flame.
   It grants immunity to clouds of flame.
   rF:        It greatly protects you from fire.
 H - the +6 shillelagh "Devastator" {shatter}
   (You found it in the Dungeon)

   It releases a powerful concussive burst when it strikes, dealing extra damage
   to the target and all other foes adjacent to them.
Missiles
 d - 3 throwing nets (quivered)
Armour
 b - a +0 robe
 c - a +0 hat (worn)
 k - +5 gold dragon scales (worn)
Jewellery
 v - a ring of flight
 w - a +6 ring of dexterity
 x - a +6 ring of dexterity
 y - a +6 ring of intelligence
 z - a +6 ring of intelligence
 A - a +6 ring of strength (left claw)
 B - a +6 ring of strength (right claw)
Wands
 C - a wand of mindburst (7)
 D - a wand of iceblast (7)
 E - a wand of acid (7)
Scrolls
 j - 4 scrolls of blinking
 q - 4 scrolls of amnesia
 r - 7 scrolls of fog
 s - a scroll of holy word
 t - 5 scrolls of identify
 u - 2 scrolls of fear
Potions
 e - 10 potions of curing
 f - 9 potions of heal wounds
 g - 6 potions of haste
 h - 7 potions of magic
 i - 3 potions of berserk rage
 l - 2 potions of brilliance
 m - 2 potions of invisibility
 n - 4 potions of resistance
 p - 5 potions of might
Miscellaneous
 F - a lightning rod (4/4)


   Skills:
 + Level 4.8 Fighting
 + Level 6.3 Maces & Flails
 - Level 1.7 Throwing
 + Level 5.0 Armour
 + Level 5.2 Dodging
 + Level 4.0 Evocations


You had 5 spell levels left.
You didn't know any spells.
Your spell library was empty.

Dungeon Overview and Level Annotations

Branches:
Dungeon (1/1)

Altars:
Ashenzari
Cheibriados
Dithmenos
Elyvilon
Fedhas
Gozag
Hepliaklqana
Kikubaaqudgha
Makhleb
Nemelex Xobeh
Okawaru
Qazlal
Ru
Sif Muna
Trog
Uskayaw
Vehumet
Wu Jian
Xom
Yredelemnul
Zin
The Shining One
Beogh
Jiyva
Lugonu

Annotations:
D 1 transporter


Innate Abilities, Weirdness & Mutations

You are too large for most types of armour.
You have claws for hands.
Your natural rate of healing is unusually fast.
You are covered in fur. (AC +1)
You have tough skin. (AC +1)


Message History

The air elemental fires a burst of electricity at you.
The stunning burst hits the air elemental.
The air elemental completely resists.
The stunning burst hits you!
You suddenly lose the ability to move!
* * * LOW HITPOINT WARNING * * *
The air elemental hits you but does no damage.
The air elemental fires a burst of electricity at you.
The stunning burst hits you but does no damage.
The air elemental fires a burst of electricity at you.
The stunning burst hits you.
* * * LOW HITPOINT WARNING * * *
The air elemental fires a burst of electricity at you.
The stunning burst hits the air elemental.
The air elemental completely resists.
The stunning burst hits you.
* * * LOW HITPOINT WARNING * * *
The air elemental hits you but does no damage.
The air elemental fires a burst of electricity at you.
The stunning burst hits you but does no damage.
The air elemental hits you.
* * * LOW HITPOINT WARNING * * *
The air elemental fires a burst of electricity at you.
The stunning burst misses the air elemental.
The stunning burst hits you.
* * * LOW HITPOINT WARNING * * *
You can move again.
You barely miss the air elemental.
The air elemental hits you but does no damage.
The air elemental fires a burst of electricity at you.
The stunning burst hits you but does no damage.
You shrug off the repeated paralysis!
The air elemental hits you.
* * * LOW HITPOINT WARNING * * *
The air elemental fires a burst of electricity at you.
The stunning burst hits you but does no damage.
You shrug off the repeated paralysis!
The air elemental fires a burst of electricity at you.
The stunning burst hits you but does no damage.
You shrug off the repeated paralysis!
The air elemental hits you but does no damage.
The air elemental hits you!
You die...

▓▓▓▓▓▓▓▓▓▓▓▓▓▓▓▓▓▓▓
▓.8©8.▓.8©8.▓.8©8.▓
▓.:}:.▓.):[.▓.....▓
▓..)..▓.....▓.:.).▓
▓.....▓.....▓.....▓
▓..E..▓.....▓.....▓
▓.EEE.▓.....▓..©..▓
▓..@..▓..©..▓▓▓▓▓▓▓
▓▓▓▓▓▓▓▓▓▓▓▓▓


You could see 4 air elementals.

Vanquished Creatures
  A polar bear (D)
  2 iguanas (D)
  2 white imps (D)
5 creatures vanquished.

Notes
Turn   | Place    | Note
-------+----------+-------------------------------------------
     0 | D        | Revguard the Troll Gladiator began the quest for the Orb.
     0 | D        | Reached XP level 1. HP: 19/19 MP: 0/0
     5 | D        | Found a shimmering blue altar of Sif Muna.
     5 | D        | Found a bloodstained altar of Trog.
     5 | D        | Found a sacrificial altar of Ru.
     5 | D        | Found a stormy altar of Qazlal.
     5 | D        | Found an iron altar of Okawaru.
     6 | D        | Found a sparkling altar of Nemelex Xobeh.
     6 | D        | Found a blossoming altar of Fedhas.
     6 | D        | Found the +6 Majin-Bo {vamp, MP+6 Int+6}
     6 | D        | Found the +9 heavy crossbow "Sniper" {vorpal, Acc+∞ SInv}
     6 | D        | Found the +10 dark maul {vorpal}
     6 | D        | Found the +15 Maxwell's patent armour {-Cast -Tele rElec
                  | Will+ rCorr}
     6 | D        | Found the +18 shield of the Gong {rElec rN+ Will+ EV-5}
     6 | D        | Found the +14 obsidian axe {vorpal, Mesm Drain Fly SInv}
     6 | D        | Found the +7 great mace "Firestarter" {inner flame, rF++}
     6 | D        | Found the +6 shillelagh "Devastator" {shatter}
     6 | D        | Found the +11 plutonium sword {Contam Stlth-}
     6 | D        | Found the +8 lance "Wyrmbane" {slay drac, rPois rF+ rC+
                  | AC+3}
     6 | D        | Found the +9 sword of Zonguldrok {reap}
     6 | D        | Found the +13 scythe of Curses {drain, Drain}
     6 | D        | Found the +5 sword of Power {vorpal}
     6 | D        | Found the +7 mace of Variability {chain chaos}
     6 | D        | Found the +7 Singing Sword {vorpal, sonic wave}
     6 | D        | Found the +8 storm bow {elec, penet}
     8 | D        | Found a transporter.
     8 | D        | Found an ancient bone altar of Kikubaaqudgha.
     8 | D        | Found a viscous altar of Jiyva.
     8 | D        | Found a corrupted altar of Lugonu.
     8 | D        | Found a hazy altar of Hepliaklqana.
     8 | D        | Found a burning altar of Makhleb.
     8 | D        | Found an opulent altar of Gozag.
     9 | D        | Banished a spatial maelstrom
     9 | D        | Banished a spatial maelstrom
    50 | D        | Became a worshipper of Trog the Wrathful
    74 | D        | Reached skill level 4 in Maces & Flails
    74 | D        | Reached skill level 1 in Evocations
    74 | D        | Reached XP level 2. HP: 29/29 MP: 1/1
    80 | D        | Entered arena 2.
    80 | D        | Found a transporter.
    84 | D        | Reached XP level 3. HP: 25/37 MP: 2/2
    86 | D        | Reached skill level 5 in Maces & Flails
   203 | D        | Entered arena 3.
   203 | D        | Noticed a polar bear
   203 | D        | Found a transporter.
   210 | D        | Killed a polar bear
   210 | D        | Reached * piety under Trog
   211 | D        | Reached skill level 6 in Maces & Flails
   211 | D        | Reached skill level 5 in Armour
   211 | D        | Reached skill level 5 in Dodging
   211 | D        | Reached XP level 4. HP: 25/49 MP: 3/3
   211 | D        | Reached XP level 5. HP: 28/55 MP: 4/4
   213 | D        | Reached XP level 6. HP: 37/65 MP: 5/5
   242 | D        | Entered arena 4.
   242 | D        | Noticed an air elemental
   242 | D        | Noticed an air elemental
   242 | D        | Noticed an air elemental
   242 | D        | Noticed an air elemental
   242 | D        | Found a transporter.
   242 | D        | Paralysed by an air elemental for 1 turns
   245 | D        | Paralysed by an air elemental for 1 turns
   246 | D        | Slain by an air elemental

Illustrated notes

Levels and vault maps discovered:
D:        sprint_v [room_start, room_1, room_2, room_3, room_4, room_5, room_6,
          room_7, room_8, room_9, room_10, room_11, room_12, room_13, room_14,
          room_15, room_16, room_17, room_18, room_19, room_20, room_21,
          room_22, room_23, room_24, room_25, room_26, room_27]

Skill      XL: |  1  2  3 |
---------------+----------+-----
Fighting       | 2 3 4 |  4.8
Maces & Flails | 4 6 |  6.3
Armour         | 3 5 |  5.0
Dodging        | 3 5 |  5.2
Evocations     | 1 2 4 |  4.0
Throwing       | |  1.7

Action                   |  1- 3 |  4- 6 || total
-------------------------+-------+-------++-------
Melee: Great mace        |     9 |     4 ||    13
Invok: Berserk           |       |     1 ||     1
  Use: Potion            |     1 |     1 ||     2
Armor: Gold dragon scale |    22 |    17 ||    39
Dodge: Dodged            |    12 |       ||    12
